 Dungeon Crawl Stone Soup version 0.31-a0-233-g139696dc86 (webtiles) character file.

Game seed: 6851876451579211386

45 qw the Shooter (level 3, -1/29 HPs)
             Began as a Minotaur Hexslinger on July 7, 2023.
             Killed from afar by an orc wizard (5 damage)
             ... with a magic dart
             ... on level 3 of the Dungeon.
             The game lasted 00:00:25 (1647 turns).

qw the Shooter (Minotaur Hexslinger)                Turns: 1647, Time: 00:00:25

Health: -1/29      AC:  5    Str: 12    XL:     3   Next: 42%
Magic:  3/3        EV: 11    Int: 10    God:
Gold:   84         SH:  0    Dex: 14    Spells: 3/4 levels left

rFire   . . .        Y - +1 sling
rCold   . . .        (no shield)
rNeg    . . .        d - +0 ring mail
rPois   .            (helmet restricted)
rElec   .            (no cloak)
rCorr   .            (no gloves)
SInv    .            (no boots)
Will    .....        (no amulet)
Stlth   +            (no ring)
HPRegen 0.24/turn    (no ring)
MPRegen 0.08/turn

%: no passive effects
@: no status effects
A: horns 2, retaliatory headbutt
a: no special abilities


You were on level 3 of the Dungeon.
You visited 1 branch of the dungeon, and saw 3 of its levels.

You collected 84 gold pieces.


Innate Abilities, Weirdness & Mutations

You have a pair of horns on your head.
You reflexively headbutt those who attack you in melee.


   Skills:
 - Level 2.0 Fighting
 - Level 4.0 Ranged Weapons
 + Level 0.2 Armour
 - Level 2.1 Dodging
 - Level 1.0 Spellcasting
 - Level 2.0 Hexes


You had 3 spell levels left.
You knew the following spells:

 Your Spells              Type           Power      Damage    Failure   Level
a - Slow                  Hex            16%        N/A       34%         1

Your spell library contained the following spells:

 Spells                   Type           Power      Damage    Failure   Level
 Inner Flame              Hex/Fire       2%         N/A       83%         3
 Portal Projectile        Hex/Tloc       4%         N/A       83%         3
 Cause Fear               Hex            2%         N/A       98%         4

Inventory:

Hand Weapons
 Y - a +1 sling (weapon)
Armour
 d - a +0 ring mail (worn)
Scrolls
 a - a scroll of enchant armour
Potions
 e - a potion of curing {unknown}
 g - a potion of resistance {unknown}

Dungeon Overview and Level Annotations

Branches:
Dungeon (3/15)

Altars:


Message History

Your Ranged Weapons skill increases to level 4!
You shoot a sling bullet.
The sling bullet hits the orc wizard but does no damage.
You shoot a sling bullet. The sling bullet hits the orc!
You kill the orc!
You shoot a sling bullet. The sling bullet hits the orc.
The orc is heavily wounded.
The orc wizard hits you with a +1 dagger of electrocution.
You are electrocuted!
You shoot a sling bullet.
The sling bullet closely misses the orc wizard.
The orc wizard casts a spell at you.
You are confused.
The orc wizard casts a spell at you. You resist with significant effort.
The orc wizard misses you. The orc barely misses you.
The orc wizard hits you but does no damage.
The orc hits you with a +0 whip.
You feel less confused. The orc completely misses you.
The orc wizard hits you with a +1 dagger of electrocution.
You shoot a sling bullet. The sling bullet barely misses the orc.
The orc wizard casts a spell at you.
You are confused.
The orc hits you with a +0 whip. The orc wizard barely misses you.
The orc closely misses you.
The orc wizard hits you with a +1 dagger of electrocution.
The orc closely misses you. The orc barely misses you.
The orc wizard hits you but does no damage.
The orc wizard hits you but does no damage.
The orc barely misses you.
The orc wizard hits you with a +1 dagger of electrocution.
The orc misses you.
The orc wizard hits you with a +1 dagger of electrocution.
The orc misses you.
You feel less confused. The orc wizard casts a spell at you.
The magic dart hits you.
You die...

.# .# .# #
.#.# )#.#
... ###o#
..######<@o#
..........##
########..#
#..# #..#
#..# #..#
#..# #...


You could see an orc wizard and an orc.

Vanquished Creatures
  An adder (D:2)
  A dart slug (D:1)
  2 orcs (D:3)
  An endoplasm (D:2)
  A giant cockroach (D:1)
  3 goblins
  8 hobgoblins
  3 quokkas
  3 bats (D:1)
  A frilled lizard (D:1)
  4 kobolds (D:1)
28 creatures vanquished.

Notes
Turn   | Place    | Note
-------+----------+-------------------------------------------
     0 | D:1      | qw the Minotaur Hexslinger began the quest for the Orb.
     0 | D:1      | Reached XP level 1. HP: 16/16 MP: 1/1
     0 | D:1      | 0 ||| qw: Version: 0.3-a-46-gb1f654a
     0 | D:1      | 0 ||| qw: Game counter: 3023
     0 | D:1      | 0 ||| qw: Melee chars always use a shield: true
     0 | D:1      | 0 ||| qw: God list: Okawaru
     0 | D:1      | 0 ||| qw: Allow faded altars: false
     0 | D:1      | 0 ||| qw: Do Orc after clearing Dungeon:15 true
     0 | D:1      | 0 ||| qw: Do second Lair branch before Depths: true
     0 | D:1      | 0 ||| qw: Lair rune preference: random
     0 | D:1      | 0 ||| qw: Goals: Normal
     0 | D:1      | 0 ||| PLANNING D:1-11
   165 | D:1      | Reached skill level 3 in Ranged Weapons
   166 | D:1      | Reached XP level 2. HP: 23/23 MP: 2/2
   869 | D:1      | 869 ||| READING 2 scrolls labelled VAJUUCROAZYR.
   870 | D:1      | 870 ||| DROPPING scroll of poison.
  1086 | D:2      | Reached XP level 3. HP: 29/29 MP: 3/3
  1206 | D:2      | 1206 ||| Stepping ~*~*~tactically~*~*~ (water).
  1501 | D:2      | 1501 ||| UPGRADING to +0 ring mail.
  1511 | D:2      | 1511 ||| DROPPING +0 robe.
  1512 | D:2      | 1512 ||| READING scroll labelled YQYCSO JUYZA.
  1513 | D:2      | 1513 ||| READING 2 scrolls labelled FALAIM REIXUXI.
  1614 | D:2      | 1614 ||| DROPPING scroll of silence.
  1631 | D:3      | Reached skill level 4 in Ranged Weapons
  1642 | D:3      | HP: 4/29 [orc wizard/+1 dagger of electrocution (5)]
  1647 | D:3      | Killed from afar by an orc wizard

Levels and vault maps discovered:
D:1:      nicolae_arrival_washed_ashore, layout_basic
D:2:      layout_loops_ring, serial_bayou_ford_a
D:3:      layout_loops_ring, mainiacjoe_overflow_catwalk_spiral

Skill      XL: |  1  2  3 |
---------------+----------+-----
Ranged Weapons | 3 4 |  4.0
Fighting       | 2 |  2.0
Armour         | |  0.2
Dodging        | |  2.1
Spellcasting   | |  1.0
Hexes          | |  2.0

Action                     || total
---------------------------++-------
   Fire: Sling             ||    74
    Use: Scroll            ||     3
 Armour: Robe              ||     4
         Ring mail         ||     3
  Dodge: Dodged            ||    32

Table legend:
 A = Non-vault XP
 B = Vault XP
 C = Vault XP percentage of total XP
 D = Non-vault monster count
 E = Vault monster count
 F = Vault count percentage of total count
                 A         B        C        D         E       F
            +---------+---------+-------+---------+---------+-------
      Total |      65 |       0 |   0.0 |      28 |       0 |   0.0
            +---------+---------+-------+---------+---------+-------
        D:1 |      30 |       0 |   0.0 |      17 |       0 |   0.0
        D:2 |      29 |       0 |   0.0 |       9 |       0 |   0.0
        D:3 |       6 |       0 |   0.0 |       2 |       0 |   0.0
            +---------+---------+-------+---------+---------+-------
